 Dungeon Crawl Stone Soup version 0.30-a0-879-ga8ba668304 (webtiles) character file.

Game seed: 15503028840090433778

45 gelatine the Chopper (level 3, 0/28 HPs)
             Began as a Demonspawn Gladiator on Mar 13, 2023.
             Slain by Sigmund
             ... wielding a +0 scythe
              (7 damage)
             ... on level 3 of the Dungeon.
             The game lasted 00:04:59 (1720 turns).

gelatine the Chopper (Demonspawn Gladiator)         Turns: 1720, Time: 00:05:00

Health: 0/28       AC:  8    Str: 16    XL:     3   Next: 42%
Magic:  3/3        EV: 11    Int:  9    God:
Gold:   23         SH:  0    Dex: 14    Spells: 2/2 levels left

rFire   . . .      SeeInvis .    a - +0 war axe
rCold   + . .      Faith    .    (no shield)
rNeg    . . .      Spirit   .    j - +2 ring mail {rC+}
rPois   .          Reflect  .    c - +0 helmet
rElec   .          Rampage  .    (no cloak)
rCorr   .                        (no gloves)
Will    +....                    (no boots)
Stlth   +                        (no amulet)
HPRegen 0.24/turn                f - ring of willpower
MPRegen 0.08/turn                (no ring)

@: no status effects
A: demonic magic 1, weakness stinger 1
a: no special abilities


You were on level 3 of the Dungeon.
You visited 1 branch of the dungeon, and saw 3 of its levels.

You collected 54 gold pieces.
You spent 31 gold pieces at shops.

Inventory:

Hand Weapons
 a - a +0 war axe (weapon)
Missiles
 d - a throwing net (quivered)
Armour
 c - a +0 helmet (worn)
 j - a +2 ring mail of cold resistance (worn)
Jewellery
 f - a ring of willpower (left hand)
Wands
 m - a wand of mindburst (5)
Scrolls
 g - a scroll of enchant armour {unknown}
 i - a scroll of blinking {unknown}
 k - 2 scrolls of identify {unknown}
 l - a scroll of brand weapon {unknown}
 n - 2 scrolls of poison {unknown}
 o - 2 scrolls of amnesia {unknown}
 p - a scroll of teleportation {unknown}
 s - a scroll of vulnerability {unknown}
Potions
 h - a potion of curing {unknown}
 q - a potion of brilliance {unknown}
 r - a potion of invisibility {unknown}
 t - a potion of flight {unknown}


   Skills:
 * Level 2.3 Fighting
 * Level 3.3 Axes
 * Level 2.0 Throwing
 * Level 0.5 Armour
 * Level 3.0 Dodging
 * Level 0.1 Evocations


You had 2 spell levels left.
You didn't know any spells.
Your spell library contained the following spells:

 Spells                   Type           Power      Damage    Failure   Level
 Cigotuvi's Dreadful Rot  Necr/Pois/Air  0%         N/A       75%         2
 Ignite Poison            Fire/Tmut/Pois 0%         N/A       93%         3
 Dispel Undead            Necr           0%         3d6       100%        4
 Sticky Flame             Conj/Fire      0%         2d3       100%        4
 Death Channel            Necr           0%         N/A       100%        6
 Ignition                 Fire           0%         3d3       100%        8


Dungeon Overview and Level Annotations

Branches:
Dungeon (3/15)

Altars:

Shops:
D:3 *

Annotations:
D:3 Sigmund


Innate Abilities, Weirdness & Mutations

Spells you cast may paralyse adjacent enemies.
You have a small tail.


Message History

The adder closely misses you. The kobold hits you but does no damage.
You slash the adder!
You kill the adder!
You slash the kobold!
You kill the kobold!
Found a dagger.
Things that are here:
a +0 club; a stone; a kobold corpse
t - a sapphire potion Sigmund the Dreaded comes into view.
He is wielding a +0 scythe.
Sigmund shouts!
You hear a shout!
You throw a javelin. The javelin closely misses Sigmund.
Sigmund mumbles some strange words.
Sigmund flickers and vanishes!
Deactivating autopickup; reactivate with Ctrl-A.
A hobgoblin comes into view.
The hobgoblin shouts!
You throw a poisoned dart.
The poisoned dart closely misses the hobgoblin.
You throw a poisoned dart. The poisoned dart hits the hobgoblin.
The hobgoblin is poisoned.
You throw a poisoned dart.
The poisoned dart completely misses the hobgoblin.
A goblin comes into view. It is wielding a +0 dagger.
Something hits you but does no damage.
You hit something.
Your tail-slap misses something.
Something hits you.
A frilled lizard comes into view.
You closely miss something.
The frilled lizard hisses angrily.
You hear some strange, mumbled words.
A puff of flame appears from out of thin air!
The puff of flame hits you!
You miss something.
You kill the hobgoblin!
Something hits you!
You barely miss something. Something hits you but does no damage.
You hit something. Something hits you.
* * * LOW HITPOINT WARNING * * *
You miss something.
The goblin throws a stone.
The stone hits you but does no damage. Something hits you!
You die...

........ #.#.#
........##.#.#
.............# #
.....#.#.#.###.# . #.
#.............#
..##..####.#.#)#.##...
.((.................#
#(....###...##.###....
#....g{@.......# .#
#...###.#.....####. .
#...P.P......#
###.P∩..###### #.PP..#
#.....# ###..## #..##
#..#####.##


You could see a goblin.

Vanquished Creatures
  An adder (D:3)
  A worm (D:2)
  A dart slug (D:2)
  2 ball pythons (D:1)
  3 bats
  4 endoplasms
  A giant cockroach (D:3)
  3 goblins
  4 hobgoblins
  A quokka (D:2)
  5 frilled lizards
  3 kobolds
29 creatures vanquished.

Notes
Turn   | Place    | Note
-------+----------+-------------------------------------------
     0 | D:1      | gelatine the Demonspawn Gladiator began the quest for the
                  | Orb.
     0 | D:1      | Reached XP level 1. HP: 16/16 MP: 1/1
   161 | D:1      | Discovered your monstrous ancestry.
   161 | D:1      | Gained mutation: You have a small tail. [demonic ancestry]
   161 | D:1      | Reached XP level 2. HP: 22/22 MP: 2/2
  1072 | D:2      | Gained mutation: Spells you cast may paralyse adjacent
                  | enemies. [demonic ancestry]
  1072 | D:2      | Reached XP level 3. HP: 15/27 MP: 3/3
  1677 | D:3      | Found Huaqogh's Assorted Antiques.
  1684 | D:3      | Bought a scroll labelled JISMUN NECRIWN for 31 gold pieces
  1708 | D:3      | Noticed Sigmund
  1720 | D:3      | Slain by Sigmund

Illustrated notes

Levels and vault maps discovered:
D:1:      mushboom_english_gardens, layout_basic,
          wander_ebering_terrifying_dragon_lair
D:2:      layout_loops_corners, serial_rivers, chequers_serial_rivers_room_a,
          chequers_serial_rivers_small_a, chequers_serial_rivers_micro_e,
          chequers_serial_rivers_large_a, chequers_serial_rivers_micro_d
D:3:      layout_loops_ring, serial_shops, shop,
          nicolae_shop_bloodbath_and_beyond, nicolae_shop_overgrown_old_shop,
          gammafunk_ghost_nasty_kobolds, uniq_sigmund

Skill      XL: |  1  2 |
---------------+-------+-----
Dodging        | 3 |  3.0
Axes           | 3 |  3.3
Throwing       | 2 |  2.0
Fighting       | |  2.3
Armour         | |  0.5
Evocations     | |  0.1

Action                     || total
---------------------------++-------
  Melee: War axe           ||    73
         Tailslap          ||     5
  Throw: Throwing net      ||     4
         Javelin           ||     2
         Dart              ||     3
 Armour: Leather armour    ||    14
         Ring mail         ||    22
  Dodge: Dodged            ||    39

Table legend: (Time is in decaauts)
 A = Elapsed time spent in this place.
 B = Non-inter-level travel time spent in this place.
 C = Inter-level travel time spent in this place.
 D = Time resting spent in this place.
 E = Time spent auto-exploring this place.
 F = Levels seen in this place.
 G = Mean time per level.
                   A        B        C        D        E       F      G
               +--------+--------+--------+--------+--------+-----+--------+
         Total |   1757 |   1699 |     58 |      0 |   1377 |   3 |  585.7 |
       Dungeon |   1757 |   1699 |     58 |      0 |   1377 |   3 |  585.7 |
               +--------+--------+--------+--------+--------+-----+--------+

Top non-repeatable levels by time:
     D:2: 1125 daAuts
     D:1: 584 daAuts
     D:3: 47 daAuts
